 Dungeon Crawl Stone Soup version 0.29-a0-925-g0a7a3d12f8 (webtiles) character file.

Game seed: 15924108765652370355

295 PimpSugar the Magician (level 6, 0/66 HPs)
             Began as a Demonspawn Hedge Wizard on July 28, 2022.
             Slain by a ball python (2 damage)
             ... in a sewer.
             The game lasted 00:14:18 (3941 turns).

PimpSugar the Magician (Demonspawn Hedge Wizard)    Turns: 3941, Time: 00:14:18

Health: 0/66       AC: 19    Str: 10    XL:     6   Next: 11%
Magic:  9/11       EV: -1    Int: 17    God:
Gold:   96         SH:  0    Dex: 13    Spells: 9/12 levels left

rFire   . . .      SeeInvis .   g - +0 sling
rCold   . . .      Faith    .   (no shield)
rNeg    . . .      Spirit   .   (body armour currently unavailable)
rPois   +          Reflect  .   (helmet currently unavailable)
rElec   .          Harm     .   (cloak currently unavailable)
rCorr   .          Rampage  .   (gloves currently unavailable)
Will    .....      NoTele   +   (boots currently unavailable)
Stlth   ++........              (no amulet)
HPRegen 0.21/turn               (no ring)
MPRegen 0.12/turn               (no ring)

@: tree-form, corroded, constricted, invisible, very slow
A: stationary, stasis, torment immunity, boosted hp, (hooves 1), (molten scales
2)
a: no special abilities


You were in a sewer.
You were a tree.
You visited 1 branch of the dungeon, and saw 3 of its levels.
You also visited: Sewer.

You collected 156 gold pieces.
You spent 60 gold pieces at shops.

Inventory:

Hand Weapons
 a - a +0 dagger
 g - a +0 sling (weapon)
Missiles
 i - 17 stones
 m - 5 atropa-tipped darts
Armour
 b - a +0 robe
 c - a +0 hat (melded)
 n - a +0 leather armour (melded)
Jewellery
 f - an amulet of faith
Scrolls
 e - a scroll of blinking {unknown}
 k - a scroll of poison
 o - 2 scrolls of enchant weapon {unknown}
 r - a scroll of acquirement {unknown}
 t - a scroll of summoning {unknown}
 v - a scroll of immolation {unknown}
Potions
 d - a potion of magic
 h - a potion of invisibility
 j - a potion of lignification
 l - a potion of degeneration
 p - 2 potions of heal wounds {unknown}
 s - a potion of brilliance
 u - a potion of attraction


   Skills:
 + Level 1.7 Fighting
 + Level 2.5 Dodging
 + Level 2.6 Stealth
 * Level 3.9 Spellcasting
 * Level 3.0 Conjurations
 + Level 2.0 Summonings
 + Level 1.9 Translocations


You had 9 spell levels left.
You knew the following spells:

 Your Spells              Type           Power      Damage    Failure   Level
a - Magic Dart            Conj           52%        1d5       4%          1
b - Call Imp              Summ           10%        N/A       11%         2

Your spell library contained the following spells:

 Spells                   Type           Power      Damage    Failure   Level
 Blink                    Tloc           18%        N/A       11%         2
 Slow                     Hex            12%        N/A       16%         1
 Conjure Flame            Conj/Fire      8%         6-21      26%         3
 Mephitic Cloud           Conj/Pois/Air  6%         N/A       30%         3
 Confusing Touch          Hex            3%         N/A       43%         3
 Vampiric Draining        Necr           3%         2d6       43%         3


Dungeon Overview and Level Annotations

Branches:
Dungeon (3/15)              Sewer (1/1)

Altars:

Shops:
D:1 *([[?


Innate Abilities, Weirdness & Mutations

You are a tree.
Your roots penetrate the ground, keeping you stationary.
You cannot be teleported.
You are immune to unholy pain and torment.
Your maximum health is greatly increased.
Your equipment is partially melded.
((You have large cloven feet.))
((You are mostly covered in molten scales. (AC +3)))


Message History

Press: ? - help, Q - select action, (/) - cycle Shift-Dir - straight line, f/p - jelly
Aim: a jelly (severely wounded, ally target, 88% to hit)
You shoot a sling bullet.
The sling bullet barely misses the ball python.
The sling bullet hits the jelly.
The jelly is severely wounded.
Your iron imp disappears in a puff of smoke!
The ball python bites you but does no damage.
The ball python constricts you.
Unknown command.
Fire: g) +0 sling
Press: ? - help, Q - select action, (/) - cycle Shift-Dir - straight line, f/p - jelly
Aim: a jelly (purple smoke, severely wounded, 88% to hit)
You shoot a sling bullet. The sling bullet hits the jelly.
The jelly is almost dead.
The ball python bites you but does no damage.
The ball python constricts you. The jelly hits you.
You are splashed with acid!
The ball python barely misses you. The ball python constricts you.
The jelly hits you.
You are splashed with acid!
You fade into invisibility!
The ball python closely misses you. The ball python constricts you.
* * * LOW HITPOINT WARNING * * *
The jelly hits you.
* * * LOW HITPOINT WARNING * * *
The acid corrodes you!
You are splashed with acid!
* * * LOW HITPOINT WARNING * * *
You turn into a tree.
Your +0 hat melds into your body.
Your +0 leather armour melds into your body.
Your roots penetrate the ground.
The ball python bites you but does no damage.
The ball python constricts you. The jelly hits you but does no damage.
The ball python bites you but does no damage.
The ball python constricts you.
Casting: Call Imp (safe; 11% risk of failure)
Confirm with . or Enter, or press ? or * to list all spells.
A beastly little devil appears in a puff of flame.
The ball python bites you but does no damage.
The ball python constricts you. The jelly hits you but does no damage.
The ball python bites you.
You die...

..##.....##.##
≈≈[#≈.≈≈##≈..#
..#
≈≈##≈≈.≈.≈≈≈##
≈.≈?
.##..≈....≈##≈≈
≈≈.!
≈#.≈≈#≈≈......∩#
..≈.
..≈≈##≈..#≈.≈≈##
#≈≈#
.≈.####≈.######
#≈≈.# ####
#...#######S.≈.#
##.≈≈..#.≈♣Jr#
##..≈.≈.5r≈##
###≈≈≈≈.###
##...## #####


You could see a jelly, a river rat, a ball python (ally target), a rat and a
friendly crimson imp (summoned).

Vanquished Creatures
  A necrophage (D:3)
  Natasha (D:2)
  3 adders
  2 worms
  A dart slug (D:1)
  14 endoplasms
  A giant cockroach (Sewer)
  A hobgoblin (D:2)
  4 jackals (D:2)
  3 kobolds
  2 quokkas
  5 bats
  5 frilled lizards
  4 rats
47 creatures vanquished.

Vanquished Creatures (collateral kills)
  A jelly (Sewer)
  Natasha (twice) (D:2)
  A river rat (Sewer)
  3 adders
  A ball python (Sewer)
  2 endoplasms (Sewer)
  A giant cockroach (Sewer)
  2 quokkas (D:3)
  2 frilled lizards
  2 rats (Sewer)
17 creatures vanquished.

Vanquished Creatures (others)
  2 fungi (D:2)
  3 plants (D:2)
5 creatures vanquished.

Grand Total: 69 creatures vanquished

Notes
Turn   | Place    | Note
-------+----------+-------------------------------------------
     0 | D:1      | PimpSugar the Demonspawn Hedge Wizard began the quest for
                  | the Orb.
     0 | D:1      | Reached XP level 1. HP: 13/13 MP: 4/4
   163 | D:1      | Found Cakimor's Weapon Shoppe.
   206 | D:1      | Reached skill level 1 in Translocations
   338 | D:1      | Gained mutation: You are partially covered in molten
                  | scales. (AC +2) [demonic ancestry]
   338 | D:1      | Reached XP level 2. HP: 7/19 MP: 6/6
   641 | D:1      | Learned a level 2 spell: Call Imp
   709 | D:1      | Found Zytilisk's General Store.
   768 | D:1      | Found Seimexko's Armour Shoppe.
   958 | D:1      | Found Ehuifann's Magic Scroll Emporium.
   975 | D:1      | Found Wookixiw's Armour Boutique.
  1002 | D:1      | Bought a scroll of identify for 20 gold pieces
  1002 | D:1      | Bought a scroll of identify for 20 gold pieces
  1002 | D:1      | Bought a scroll of identify for 20 gold pieces
  1330 | D:2      | Found a faded altar of an unknown god.
  1346 | D:2      | Got Plato's Spellbook of Charms
  1431 | D:2      | Noticed Natasha
  1437 | D:2      | Noticed a crimson imp
  1437 | D:2      | Killed Natasha
  1438 | D:2      | Gained mutation: You have large cloven feet. [demonic
                  | ancestry]
  1438 | D:2      | Reached XP level 3. HP: 15/25 MP: 4/7
  1986 | D:2      | Reached XP level 4. HP: 20/31 MP: 7/9
  2174 | D:2      | Noticed Natasha
  2181 | D:2      | Killed Natasha
  2182 | D:2      | Reached skill level 1 in Fighting
  2771 | D:2      | Noticed Natasha
  2841 | D:2      | Killed Natasha
  2842 | D:2      | Reached XP level 5. HP: 9/37 MP: 5/10
  3435 | D:3      | Found a glowing drain.
  3440 | Sewer    | Entered a sewer
  3655 | Sewer    | Gained mutation: You are mostly covered in molten scales.
                  | (AC +3) [demonic ancestry]
  3655 | Sewer    | Reached XP level 6. HP: 23/44 MP: 5/11
  3938 | Sewer    | HP: 1/44 [acid (11)]
  3941 | Sewer    | Slain by a ball python

Illustrated notes

Levels and vault maps discovered:
D:1:      dpeg_arrival_water_temple_mockup, layout_loops_ring, serial_shops,
          shop, nicolae_shop_waterfront, shop, shop_fountains,
          nicolae_shop_hallway_plus
D:2:      layout_loops_cross, shapermc_ecumenical_altar_rom_forum,
          grunt_ministairs_4, serial_bayou_ford_a, minmay_pentomino_t4,
          uniq_natasha
D:3:      layout_basic, gup_sewer_entry_bowl
Sewer:    sewer_hellmonk_slimy_pipes

Skill      XL: |  1  2  3  4  5 |
---------------+----------------+-----
Translocations | 1 |  1.9
Dodging        | 2 |  2.5
Stealth        | 2 |  2.6
Conjurations   | 2 3 |  3.0
Fighting       | 1 |  1.7
Summonings     | 2 |  2.0
Spellcasting   | |  3.9

Action                   |  1- 3 |  4- 6 || total
-------------------------+-------+-------++-------
 Fire: Sling             |    73 |   110 ||   183
 Cast: Call Imp          |     3 |    19 ||    22
       Magic Dart        |       |    23 ||    23
  Use: Scroll            |     4 |     2 ||     6
       Potion            |     1 |     6 ||     7
Armor: Leather armour    |    37 |    33 ||    70
       Skin              |       |     5 ||     5
Dodge: Dodged            |    49 |    87 ||   136

Table legend: (Time is in decaauts)
 A = Elapsed time spent in this place.
 B = Non-inter-level travel time spent in this place.
 C = Inter-level travel time spent in this place.
 D = Time resting spent in this place.
 E = Time spent auto-exploring this place.
 F = Levels seen in this place.
 G = Mean time per level.
                   A        B        C        D        E       F      G
               +--------+--------+--------+--------+--------+-----+--------+
         Total |   4049 |   3884 |    165 |   1382 |   1463 |   4 | 1012.2 |
       Dungeon |   3507 |   3342 |    165 |   1159 |   1463 |   3 | 1169.0 |
         Sewer |    541 |    541 |      0 |    223 |      0 |   1 |  541.0 |
               +--------+--------+--------+--------+--------+-----+--------+

Top non-repeatable levels by time:
     D:2: 1923 daAuts
     D:1: 1294 daAuts
   Sewer: 541 daAuts
     D:3: 290 daAuts
